 Dungeon Crawl Stone Soup version 0.28.0-43-g3370ac3207 (webtiles) character file.

Game seed: 17434031845612106456

96 Faeu the Shield-Bearer (level 4, 0/41 HPs)
             Began as a Minotaur Fighter on Mar 23, 2022.
             Slain by a jelly (2 damage)
             ... on level 1 of the Dungeon.
             The game lasted 00:04:36 (1423 turns).

Faeu the Shield-Bearer (Minotaur Fighter)           Turns: 1423, Time: 00:04:36

Health: 0/41       AC:  0    Str: 23    XL:     4   Next: 41%
Magic:  3/3        EV:  9    Int:  5    God:
Gold:   138        SH:  4    Dex:  9    Spells: 3/3 levels left

rFire   . . .      SeeInvis .   a - +0 long sword {long}
rCold   . . .      Faith    .   c - +0 buckler
rNeg    . . .      Spirit   .   b - +0 scale mail
rPois   .          Reflect  .   (helmet restricted)
rElec   .          Harm     .   (no cloak)
rCorr   .          Rampage  .   (no gloves)
Will    .....                   (no boots)
Stlth   ..........              (no amulet)
HPRegen 0.13/turn               (no ring)
MPRegen 0.08/turn               (no ring)

@: corroded
A: horns 2, retaliatory headbutt
a: no special abilities


You were on level 1 of the Dungeon.
You visited 1 branch of the dungeon, and saw 2 of its levels.

You collected 138 gold pieces.


Innate Abilities, Weirdness & Mutations

You have a pair of horns on your head.
You reflexively headbutt those who attack you in melee.


   Skills:
 + Level 4.4 Fighting
 + Level 3.5 Long Blades
 + Level 4.4 Armour
 + Level 4.5 Shields


You had 3 spell levels left.
You didn't know any spells.
Your spell library contained the following spells:

 Spells                   Type           Power      Damage    Failure   Level
 Summon Small Mammal      Summ           0%         N/A       86%         1
 Call Canine Familiar     Summ           0%         N/A       99%         3
 Summon Guardian Golem    Hex/Summ       0%         N/A       99%         3

Inventory:

Hand Weapons
 a - a +0 long sword (weapon) {long}
 f - a +0 dagger of venom {short}
   (You took it off a goblin on level 1 of the Dungeon)
Armour
 b - a +0 scale mail (worn)
 c - a +0 buckler (worn)
Scrolls
 g - a scroll of immolation {unknown}
 i - a scroll of teleportation {unknown}
 j - a scroll of silence {unknown}
Potions
 d - 4 potions of might
 e - a potion of mutation {unknown}
 h - a potion of lignification {unknown}

Dungeon Overview and Level Annotations

Branches:
Dungeon (2/15)

Altars:

Annotations:
D:2 Jessica

.###.....#.....#####.###.##.###.#
..................##.....##......
..[#.....#.....##.####..........#
...#....................#########
...#...###+#######'###..#
#####..#..⌠...>...⌠..#..#
#####..#......<......#)##
.......+⌠....###....⌠'.##
#####..#......BJ@....#..#
#####..#######'#######..#
#......#.......h.....#..#########
#.###..#.$...........#...........
#.# #..#..:..........#.###.######
#.###..###############.# #.#
.......................# #.#
...#.......###.#.####### #.#
..###......###.#.# #.#


You could see a jelly, a jackal and a giant cockroach.


Message History

The jelly barely misses you. You furiously retaliate!
You headbutt the jelly. You block the jackal's attack.
The giant cockroach barely misses you. The jelly hits you but does no damage.
The jackal closely misses you. 😕 HP[-5]
You take 5 damage, and now have 26/33 hp.
You slash the jelly!
You kill the jelly!
The giant cockroach bites you but does no damage.
The jackal barely misses you. x2; You block the giant cockroach's attack.
You have reached level 4!
You feel stronger. 😕 HP[+7] MP[+1]
You now have 41 max hp (+8).
You regained 7 hp, and now have 33/41 hp.
Your mp is fully restored (3).
You hit the jackal. The jackal bites you.
The jackal bites you but does no damage.
The giant cockroach bites you but does no damage.
The jackal bites you but does no damage.
The jackal closely misses you. 😮 HP[-3]
You take 3 damage, and now have 30/41 hp.
You barely miss the jackal. The giant cockroach closely misses you.
You furiously retaliate!
You headbutt the giant cockroach, but do no damage.
The jackal closely misses you.
The jackal bites you but does no damage.
The giant cockroach barely misses you.
The jackal bites you but does no damage.
You closely miss the jackal.
You headbutt the jackal, but do no damage.
The jackal bites you but does no damage. x2
The giant cockroach barely misses you.
The jackal pauses to sniff the ground.
The jackal barely misses you. You furiously retaliate!
You headbutt the jackal!
You kill the jackal!
You block the jackal's attack.
You miss the jackal. You block the giant cockroach's attack.
You block the jackal's attack.
The jackal bites you but does no damage.
The giant cockroach bites you but does no damage.
The jackal barely misses you.
You barely miss the jackal. The jackal bites you.
The giant cockroach bites you but does no damage.
The jackal closely misses you. You block the jackal's attack. 😮 HP[-2]
You take 2 damage, and now have 28/41 hp.
You closely miss the jackal. Your headbutt misses the jackal.
The jackal bites you but does no damage.
The giant cockroach completely misses you.
The jackal bites you.
The jackal bites you but does no damage.
The giant cockroach bites you but does no damage.
You block the jackal's attack.
You barely miss the jackal. The jackal barely misses you.
The jackal bites you but does no damage.
The giant cockroach closely misses you. The jackal barely misses you.
You furiously retaliate!
You headbutt the jackal.
You kill the jackal!
The jackal misses you. You block the giant cockroach's attack.
You closely miss the jackal.
The jackal bites you but does no damage.
The jackal barely misses you. The giant cockroach bites you.
The jackal bites you but does no damage. 😮 HP[-2]
You take 2 damage, and now have 26/41 hp.
You barely miss the jackal.
The jackal bites you but does no damage.
The giant cockroach bites you.
The jackal stops to sniff the ground.
The jackal bites you but does no damage.
The jackal barely misses you. The giant cockroach barely misses you.
The jackal bites you but does no damage. 😮 HP[-1]
You take 1 damage, and now have 25/41 hp.
You hit the jackal.
You kill the jackal!
You block the giant cockroach's attack.
The jackal bites you but does no damage.
You hit the jackal.
You kill the jackal!
The giant cockroach bites you but does no damage.
The jelly closely misses you. You furiously retaliate!
You headbutt the jelly! You block the jelly's attack.
The giant cockroach bites you.
Things that are here:
a jackal corpse; a jackal corpse You hit the jelly but do no damage.
Your hands burn!
The jelly hits you. The acid corrodes you!
You are splashed with acid!
* * * LOW HITPOINT WARNING * * *
😨 HP[-10]
You take 10 damage, and now have 15/41 hp.
MASSIVE DAMAGE!! (PAUSE)
You hit the jelly but do no damage. The acid corrodes you!
Your hands burn!
* * * LOW HITPOINT WARNING * * *
You headbutt the jelly! The jelly hits you.
* * * LOW HITPOINT WARNING * * *
You are splashed with acid!
* * * LOW HITPOINT WARNING * * *
The jelly hits you.
You die...

Skill      XL: |  1  2 |
---------------+-------+-----
Fighting       | 4 |  4.4
Shields        | 4 |  4.5
Armour         | 4 |  4.4
Long Blades    | 3 |  3.5

Action                   |  1- 3 |  4- 6 || total
-------------------------+-------+-------++-------
Melee: Long sword        |   113 |    13 ||   126
       Headbutt          |    12 |     2 ||    14
Armor: Scale mail        |    63 |    21 ||    84
Dodge: Dodged            |    68 |    17 ||    85
Block: Buckler           |    30 |     8 ||    38

Levels and vault maps discovered:
D:1:      dpeg_arrival_caged_fury, layout_loops_ring, st_stairs_9,
          minmay_tiny_reverse_x
D:2:      layout_loops_ring, uniq_robin, uniq_jessica

Notes
Turn   | Place    | Note
-------+----------+-------------------------------------------
     0 | D:1      | Faeu the Minotaur Fighter began the quest for the Orb.
     0 | D:1      | Reached XP level 1. HP: 19/19 MP: 0/0
     0 | D:1      | magus.rc [v1.9.6]
     0 | D:1      | Noticed a jelly
     1 | D:1      | Found a runed translucent door.
     2 | D:1      | Noticed a jelly
    30 | D:1      | Reached XP level 2. HP: 21/27 MP: 1/1
   213 | D:1      | Reached skill level 4 in Fighting
   237 | D:1      | magus.rc [v1.9.6]
   363 | D:1      | Reached skill level 4 in Shields
   367 | D:1      | Reached skill level 4 in Armour
   368 | D:1      | Reached skill level 3 in Long Blades
   412 | D:1      | You fall into a shaft and drop 1 floor!
   416 | D:2      | Reached XP level 3. HP: 33/33 MP: 2/2
   537 | D:2      | You pick up a book of Callings and begin reading...
   537 | D:2      | You add the spells Summon Small Mammal, Call Canine
                  | Familiar and Summon Guardian Golem to your library.
   839 | D:2      | Noticed Jessica
  1409 | D:1      | Reached XP level 4. HP: 33/41 MP: 3/3
  1423 | D:1      | HP: 9/41 [jelly (3)]
  1423 | D:1      | HP: 2/41 [acid (7)]
  1423 | D:1      | Slain by a jelly

Vanquished Creatures
  A jelly (D:1)
  A worm (D:2)
  3 dart slugs (D:2)
  2 ball pythons
  4 bats (D:1)
  5 endoplasms (D:1)
  2 giant cockroaches
  6 goblins (D:1)
  3 hobgoblins (D:1)
  8 jackals (D:1)
  7 kobolds (D:1)
  3 quokkas (D:1)
  3 frilled lizards (D:1)
  2 rats (D:1)
50 creatures vanquished.

Table legend:
 A = Non-vault XP
 B = Vault XP
 C = Vault XP percentage of total XP
 D = Non-vault monster count
 E = Vault monster count
 F = Vault count percentage of total count
                 A         B        C        D         E       F
            +---------+---------+-------+---------+---------+-------
      Total |      77 |      61 |  44.2 |      37 |      13 |  26.0
            +---------+---------+-------+---------+---------+-------
        D:1 |      56 |      61 |  52.1 |      31 |      13 |  29.5
        D:2 |      21 |       0 |   0.0 |       6 |       0 |   0.0
            +---------+---------+-------+---------+---------+-------

Illustrated notes

Table legend:
 A = Kills in this place as a percentage of kills in entire the game.
 B = Kills by you in this place as a percentage of kills by you in the entire game.
 C = Kills by friends in this place as a percentage of kills by friends in the entire game.
 D = Other kills in this place as a percentage of other kills in the entire game.
 E = Experience gained in this place as a percentage of experience gained in the entire game.
 F = Experience gained in this place divided by the number of levels of this place that you have seen.
                   A       B       C       D       E      F
               +-------+-------+-------+-------+-------+----------------------
         Total | 100.0 | 100.0 |   N/A |   N/A | 100.0 |  69.0
       Dungeon | 100.0 | 100.0 |   N/A |   N/A | 100.0 |  69.0
               +-------+-------+-------+-------+-------+----------------------

Table legend: (Time is in decaauts)
 A = Elapsed time spent in this place.
 B = Non-inter-level travel time spent in this place.
 C = Inter-level travel time spent in this place.
 D = Time resting spent in this place.
 E = Time spent auto-exploring this place.
 F = Levels seen in this place.
 G = Mean time per level.
                   A        B        C        D        E       F      G
               +--------+--------+--------+--------+--------+-----+--------+
         Total |   1459 |   1459 |      0 |      0 |   1123 |   2 |  729.5 |
       Dungeon |   1459 |   1459 |      0 |      0 |   1123 |   2 |  729.5 |
               +--------+--------+--------+--------+--------+-----+--------+

Top non-repeatable levels by time:
     D:1: 982 daAuts
     D:2: 477 daAuts
